Map: Terrasses de Prion

Players

Nova

  • Race: Terran Terran
  • League: Silver
  • Spawn Location: 5:00

zidar - Winner!

  • Race: Zerg Zerg
  • League: Silver
  • Spawn Location: 11:00

VOD

Have the link to the VOD?

Description

Time

  • Played on: Dec. 13, 2015, 5:06 a.m.
  • Length: 20:09
Show
View Real Time Build Order
Export as new Build Order

Nova Terran 

Build Orders:  

Get SALT Encoding   

  12  0:01  SCV  
  13  0:14  SCV  
  14  0:18  Supply Depot  
  14  0:26  SCV  
  15  0:40  SCV  
  15  0:41  Barracks  
  16  0:47  Refinery  
  16  0:52  SCV  
  17  1:04  SCV  
  18  1:27  SCV  
  18  1:30  Supply Depot  
  19  1:39  SCV  
  20  2:00  SCV  
  21  2:02  Reaper  
  21  2:06  Barracks  
  22  2:11  Barracks  
  22  2:27  SCV  
  23  2:32  Refinery  
  23  2:34  Reaper  
  24  2:39  SCV  
  25  2:51  SCV  
  25  3:00  Barracks Reactor x2  
  25  3:06  Reaper  
  26  3:58  Marine x5  
  31  4:09  Factory  
  31  4:16  Command Center  
  31  4:30  Bunker  
  31  4:42  Orbital Command  
  31  4:47  Supply Depot  
  31  4:56  Factory Tech Lab  
  31  5:01  Bunker  
  31  5:02  Starport  
  31  5:09  Marine x4  
  36  5:18  Supply Depot  
  35  5:23  Barracks Tech Lab  
  35  5:26  Marine x4  
  39  5:29  Siege Tank  
  42  5:43  Factory  
  42  5:44  Starport Reactor  
  42  5:57  Refinery  
  42  6:00  Refinery  
  42  6:02  SCV  
  43  6:14  SCV  
  44  6:26  SCV  
  44  6:55  SCV  
  45  7:05  Factory Reactor  
  45  7:07  SCV  
  45  7:08  Siege Tank  
  49  7:10  Marine x2  
  49  7:11  Marine x2  
  49  7:13  Stimpack  
  49  7:15  Marauder  
  55  7:19  SCV  
  54  7:25  Supply Depot  
  54  7:31  SCV  
  54  7:33  Medivac x2  
  59  7:39  SCV  
  59  7:42  Engineering Bay  
  59  7:44  SCV  
  61  7:47  Supply Depot  
  61  7:51  SCV  
  62  7:56  SCV  
  67  8:08  SCV  
  67  8:09  Widow Mine x2  
  67  8:10  Armory, Supply Depot  
  67  8:11  Medivac x2  
  72  8:19  Siege Tank  
  75  8:20  SCV  
  67  8:31  Marine  
  67  8:32  Marine x4  
  67  8:38  Widow Mine x2  
  67  8:39  Liberator  
  67  8:40  Liberator  
  58  8:49  Marine x2  
  58  8:50  Marine x3  
  63  8:59  Hellion x2  
  73  9:07  Marine x2  
  62  9:49  Liberator x2  
  62  9:57  SCV  
  62  9:59  SCV  
  64  10:03  Hellbat x2  
  64  10:05  Siege Tank  
  77  10:09  SCV  
  77  10:11  SCV  
  80  10:21  SCV  
  80  10:32  Liberator x2  
  80  10:42  Supply Depot  
  80  10:43  Terran Infantry Weapons Level 1  
  86  10:53  Marine x3  
  86  10:54  Marine  
  60  11:25  Marine x5  
  49  11:42  Marine  
  49  11:43  Marine x4  
  51  12:00  Marine  
  51  12:01  Marine x3  
  52  12:54  Starport  
  52  12:58  Starport Tech Lab  
  38  13:19  Liberator  
  35  13:32  Starport  
  35  13:38  Banshee  
  40  14:21  Banshee  
  43  14:54  Starport Tech Lab  
  43  15:04  Banshee  
  43  15:46  Banshee  
  40  16:13  Starport Tech Lab  
  40  16:14  Banshee  
  43  16:29  Banshee  
  43  16:31  SCV  
  47  16:44  SCV  
  48  16:56  SCV  
  48  16:57  Banshee  
  52  17:08  SCV  
  56  17:20  SCV  
  57  17:37  Command Center  
  53  17:54  Starport Tech Lab  
  50  18:05  Starport Tech Lab  
  47  18:53  Supply Depot  
  47  19:19  Banshee  
  47  19:20  Banshee  
  53  19:27  Refinery  
Show
View Real Time Build Order
Export as new Build Order

zidar Zerg - Winner!

Build Orders: Hatch First 

Get SALT Encoding   

  12  0:01  Drone  
  13  0:12  Overlord  
  13  0:17  Drone  
  14  0:30  Drone x2  
  14  0:34  Drone  
  17  0:56  Hatchery  
  16  0:57  Drone  
  17  1:16  Spawning Pool  
  16  1:18  Drone  
  15  1:28  Extractor  
  14  1:38  Drone  
  15  2:01  Drone x2  
  15  2:02  Drone  
  15  2:06  Queen  
  20  2:09  Queen  
  22  2:18  Overlord  
  22  2:35  Zergling x4  
  22  2:36  Zergling x2  
  25  2:47  Drone x3  
  28  2:52  Metabolic Boost  
  28  3:06  Drone  
  28  3:07  Drone x3  
  32  3:34  Spine Crawler  
  32  3:39  Zergling x6  
  32  3:40  Zergling x4  
  35  3:45  Overlord x2  
  35  4:10  Roach Warren  
  35  4:14  Drone x9  
  35  4:16  Lair  
  43  4:25  Overlord x2  
  43  4:37  Extractor  
  42  4:42  Extractor  
  42  4:44  Extractor  
  40  5:07  Evolution Chamber  
  39  5:09  Evolution Chamber  
  38  5:18  Spore Crawler  
  37  5:25  Spore Crawler  
  36  5:40  Roach x7  
  36  5:41  Roach x4  
  58  5:54  Glial Reconstitution  
  58  6:00  Zerg Ground Armor Level 1  
  58  6:02  Hatchery, Zerg Melee Weapons Level 1  
  57  6:15  Drone x2  
  59  6:19  Overlord  
  59  6:58  Roach  
  59  6:59  Roach x3  
  67  7:15  Overlord x3  
  67  7:16  Overlord  
  67  7:32  Ravager x7  
  74  7:52  Queen  
  76  8:03  Drone  
  76  8:04  Drone x6  
  54  9:01  Roach x11  
  54  9:02  Roach x2  
  80  9:03  Zergling x2  
  80  9:04  Zergling x2  
  67  9:50  Roach  
  67  9:51  Roach x5  
  79  9:58  Roach x4  
  87  10:04  Ravager  
  87  10:05  Ravager x6  
  94  10:24  Roach x6  
  94  10:27  Overlord  
  94  10:28  Overlord x3  
  69  11:52  Roach  
  69  11:53  Roach x20  
  69  11:54  Roach x6  
  112  12:44  Roach x7  
  112  12:45  Roach x2  
  103  13:22  Ravager x3  
  103  13:23  Ravager x4  
  98  13:38  Ravager x3  
  98  13:39  Ravager  
  86  14:26  Roach x2  
  86  14:27  Roach x7  
  97  14:38  Ravager  
  97  14:39  Ravager x4  
  97  14:42  Overseer  
  102  14:51  Ravager x4  
  102  14:52  Ravager  
  107  14:54  Ravager x3  
  107  14:58  Roach  
  107  14:59  Roach x5  
  104  15:53  Roach  
  104  15:54  Roach x16  
  131  16:20  Zerg Ground Armor Level 2, Zerg Melee Weapons Level 2  
  108  17:12  Spore Crawler  
  108  17:14  Spore Crawler  
  108  17:15  Spore Crawler  
  105  17:16  Spore Crawler  
  104  17:23  Hydralisk Den  
  53  18:30  Hydralisk  
  53  18:31  Hydralisk x14  
  44  19:14  Zergling x2  
  44  19:15  Zergling x36  
Tags
 
Add a new tag
Caveats
  • Supply blocks, unpowered buildings, or Contaminate may cause inaccurate times.
  • Supply counts are checked every 10 seconds.